 Dungeon Crawl Stone Soup version 0.28-a0-406-g4bac719ec2 (webtiles) character file.

Game seed: 3383474381855040921

13685 Decipherer the Thrower (level 11, -10/141 HPs)
             Began as a Minotaur Berserker on Sept 5, 2021.
             Was a High Priest of Trog.
             Mangled by a white ugly thing (15 damage)
             ... on level 10 of the Dungeon.
             The game lasted 00:12:42 (14374 turns).

Decipherer the Thrower (Minotaur Berserker)        Turns: 14374, Time: 00:12:43

Health: -10/141    AC:  6    Str: 23    XL:     11   Next: 78%
Magic:  10/10      EV: 10    Int:  4    God:    Trog [*****.]
Gold:   632        SH:  0    Dex: 12    Spells: 10/10 levels left

rFire   . . .      SeeInvis .   k - +3 quarterstaff (chaos)
rCold   . . .      Faith    .   (shield currently unavailable)
rNeg    . . .      Spirit   .   v - +0 chain mail {Will+}
rPois   +          Reflect  .   (helmet restricted)
rElec   .          Harm     .   z - +1 cloak
rCorr   .          Rampage  .   (no gloves)
Will    ++...                   c - +0 pair of boots
Stlth   ..........              (no amulet)
HPRegen 0.33/turn               p - ring of willpower
MPRegen 0.12/turn               L - ring of poison resistance

@: berserking, corroded, very quick
A: horns 2, retaliatory headbutt
a: Renounce Religion, Berserk, Trog's Hand, Brothers in Arms


You were on level 10 of the Dungeon.
You worshipped Trog.
Trog was extremely pleased with you.
You visited 3 branches of the dungeon, and saw 12 of its levels.

You collected 632 gold pieces.

Inventory:

Hand Weapons
 k - a +3 quarterstaff of chaos (weapon)
Missiles
 A - 3 throwing nets
 F - a poisoned dart (quivered)
Armour
 a - a +0 cloak
 c - a +0 pair of boots (worn)
 g - a +2 kite shield
 v - a +0 chain mail of willpower (worn)
 z - a +1 cloak (worn)
 H - +0 swamp dragon scales
 M - a +0 plate armour
Jewellery
 d - a ring of see invisible
 f - a ring of resist corrosion
 p - a ring of willpower (left hand)
 K - the ring "Raguggu" {rCorr AC+4 Int-4 Dex+3 SInv}
   (You found it on level 10 of the Dungeon)

   [ring of protection]

   AC:        It affects your AC (+4).
   Int:       It affects your intelligence (-4).
   Dex:       It affects your dexterity (+3).
   SInv:      It lets you see invisible.
   rCorr:     It protects you from acid and corrosion.
 L - a ring of poison resistance (right hand)
Wands
 m - a wand of iceblast (29)
 x - a wand of polymorph (8)
 E - a wand of paralysis (6)
 G - a wand of charming (7)
Scrolls
 e - 3 scrolls of teleportation
 h - 10 scrolls of identify {unknown}
 l - a scroll of blinking {unknown}
 n - 4 scrolls of amnesia {unknown}
 o - a scroll of vulnerability {unknown}
 w - 2 scrolls of enchant armour {unknown}
 y - 2 scrolls of enchant weapon {unknown}
 B - a scroll of fear {unknown}
 I - 3 scrolls of magic mapping {unknown}
Potions
 b - 2 potions of mutation {unknown}
 i - a potion of magic {unknown}
 j - 2 potions of lignification {unknown}
 q - a potion of degeneration {unknown}
 r - a potion of resistance {unknown}
 s - 2 potions of heal wounds {unknown}
 t - 4 potions of attraction {unknown}
 u - 2 potions of ambrosia {unknown}
 C - a potion of might {unknown}
 D - a potion of cancellation {unknown}
 J - 2 potions of curing


   Skills:
 + Level 8.1 Fighting
 + Level 5.5(8.7) Polearms
 + Level 10.3(10.9) Staves
 + Level 12.6 Throwing
 + Level 8.1 Armour
 + Level 4.6 Dodging
 + Level 3.3 Stealth
 + Level 1.1 Evocations


You had 10 spell levels left.
You didn't know any spells.
Your spell library contained the following spells:

 Spells                   Type           Power      Damage    Failure   Level
 Animate Skeleton         Necr           0%         N/A       98%         1
 Apportation              Tloc           0%         N/A       98%         1
 Corona                   Hex            0%         N/A       98%         1
 Summon Small Mammal      Summ           0%         N/A       98%         1
 Static Discharge         Conj/Air       0%         N/A       99%         2
 Dispel Undead            Necr           0%         3d6       100%        4
 Sticky Flame             Conj/Fire      0%         2d3       100%        4


Dungeon Overview and Level Annotations

Branches:
Dungeon (10/15)            Temple (1/1) D:5            Lair (0/6) D:9
    Orc (1/2) D:9

Altars:
Ashenzari
Gozag
Hepliaklqana
Qazlal
Uskayaw
Vehumet
Yredelemnul


Innate Abilities, Weirdness & Mutations

You have a pair of horns on your head.
You reflexively headbutt those who attack you in melee.


Message History

You are too injured to fight recklessly!
Unknown command.
A red film seems to cover your vision as you go berserk!
You feel yourself moving faster!
You feel mighty!
The brown ugly thing basks in the mutagenic energy from its kin and changes!
The cyan ugly thing headbutts you. The cyan ugly thing shocks you!
The purple ugly thing bites you!
* * * LOW HITPOINT WARNING * * *
Calm down first, please.
You are too injured to fight recklessly!
Unknown command.
Calm down first, please.
You are too injured to fight recklessly!
Unknown command.
Calm down first, please.
You are too injured to fight recklessly!
Unknown command.
Calm down first, please.
You are too injured to fight recklessly!
Unknown command.
You bludgeon the cyan ugly thing!!
The cyan ugly thing looks even sicker.
Your headbutt misses the cyan ugly thing.
The cyan ugly thing is severely wounded.
The cyan ugly thing gores you.
* * * LOW HITPOINT WARNING * * *
The cyan ugly thing shocks you!
* * * LOW HITPOINT WARNING * * *
You sock the cyan ugly thing!
The cyan ugly thing basks in the mutagenic energy and changes!
The white ugly thing is heavily wounded.
The brown ugly thing tentacle-slaps you.
* * * LOW HITPOINT WARNING * * *
The acid corrodes you!
You are splashed with acid!
* * * LOW HITPOINT WARNING * * *
The purple ugly thing closely misses you.
You are too berserk!
The white ugly thing stings you!
* * * LOW HITPOINT WARNING * * *
The white ugly thing freezes you!
You die...

..#######.##'##
(.## #........ (.8
#........ (.#
#........ ### ##(≈#
#........ ..#
##u≈≈# #........
..# ##u†uu#
#........ ..#
##≈u.≈# #........
..# #####≈≈@u##
#........ ..#
##≈≈≈≈≈..##
#........
#########≈≈.....≈#
#.....>..
........#≈.....≈≈##
######.##
........'......≈≈⌠#
#.#
........#......≈≈##
#.#
.......##.......≈#
#.#
.......###≈≈≈....##
#.# .......#
#####≈≈..## #.#


You could see a red very ugly thing and 5 ugly things.

Vanquished Creatures
  A boulder beetle (D:9)
  3 two-headed ogres
  A wizard (D:10)
  An ugly thing (D:10)
  Maggie (D:7)
  A komodo dragon (D:7)
  A troll (D:10)
  A shadow (D:9)
  3 wraiths
  A vampire (D:8)
  5 yaks (D:10)
  6 wyverns
  2 steam dragons
  Menkaure (D:7)
  Edmund (D:5)
  2 two-headed ogre zombies (D:9)
  8 water moccasins
  A floating eye (shapeshifter) (D:5)
  5 orc warriors
  An ice beast (D:6)
  3 sky beasts
  A hornet zombie (D:6)
  3 black bears
  2 wolves
  5 centaurs
  A phantom (D:9)
  2 kobold brigands
  Blork the orc (D:4)
  2 bullfrogs (D:7)
  3 gnoll sergeants (D:7)
  5 scorpions
  A water moccasin skeleton (D:4)
  3 wights (D:8)
  A troll zombie (D:9)
  11 killer bees
  A howler monkey (D:10)
  6 hounds
  Crazy Yiuf (D:2)
  4 jellies
  11 orc priests
  A bullfrog skeleton (D:3)
  A centaur skeleton (D:4)
  3 gnoll shamans
  4 iguanas
  12 orc wizards
  5 ogre zombies (D:9)
  20 gnolls
  5 adders
  A howler monkey skeleton (D:7)
  2 white imps
  An ufetubus (D:5)
  4 worms
  3 dart slugs
  36 orcs
  7 bats
  5 endoplasms
  3 giant cockroaches
  11 goblins
  4 hobgoblins
  7 jackals
  4 quokkas
  6 ball pythons
  3 frilled lizards
  A goblin skeleton (D:9)
  4 goblin zombies (D:9)
  A hobgoblin skeleton (D:9)
  2 hobgoblin zombies (D:9)
  15 kobolds
  2 orc skeletons (D:9)
  15 orc zombies (D:9)
  6 rats
307 creatures vanquished.

Vanquished Creatures (collateral kills)
  2 orc warriors (D:9)
  A wolf (D:9)
  A kobold brigand (D:9)
  An orc wizard (D:9)
  2 gnolls (D:10)
  An orc (D:9)
8 creatures vanquished.

Vanquished Creatures (others)
  A gnoll (D:7)
  6 fungi
  20 plants (D:9)
27 creatures vanquished.

Grand Total: 342 creatures vanquished

Notes
Turn   | Place    | Note
-------+----------+-------------------------------------------
     0 | D:1      | Decipherer the Minotaur Berserker began the quest for the
                  | Orb.
     0 | D:1      | Reached XP level 1. HP: 19/19 MP: 0/0
   195 | D:1      | Reached XP level 2. HP: 21/27 MP: 1/1
   910 | D:1      | Reached XP level 3. HP: 33/33 MP: 2/2
  1079 | D:2      | Reached ** piety under Trog
  1437 | D:2      | Found a basalt altar of Yredelemnul.
  1811 | D:2      | Found a runed translucent door.
  1812 | D:2      | Noticed Crazy Yiuf
  1821 | D:2      | Killed Crazy Yiuf
  1822 | D:2      | Reached XP level 4. HP: 14/41 MP: 0/3
  2097 | D:3      | Reached skill level 1 in Stealth
  2099 | D:3      | Reached skill level 5 in Polearms
  2403 | D:3      | Reached XP level 5. HP: 47/47 MP: 4/4
  2639 | D:3      | Found a faded altar of an unknown god.
  2902 | D:3      | Reached skill level 1 in Staves
  2908 | D:3      | Reached skill level 5 in Fighting
  3372 | D:4      | Noticed Blork the orc
  3380 | D:4      | Killed Blork the orc
  3381 | D:4      | Reached XP level 6. HP: 46/56 MP: 5/5
  3745 | D:4      | Reached skill level 1 in Throwing
  3842 | D:4      | Found a stormy altar of Qazlal.
  3848 | D:4      | Found a radiant altar of Vehumet.
  3894 | D:4      | Reached *** piety under Trog
  4149 | D:4      | Reached skill level 2 in Throwing
  4174 | D:4      | Reached XP level 7. HP: 52/61 MP: 6/6
  4764 | D:5      | Entered Level 5 of the Dungeon
  4764 | D:5      | Found a staircase to the Ecumenical Temple.
  4772 | D:5      | Reached skill level 3 in Throwing
  4861 | D:5      | Found a hazy altar of Hepliaklqana.
  5358 | D:5      | Reached skill level 4 in Throwing
  5460 | D:5      | Noticed Edmund
  5474 | D:5      | Killed Edmund
  5475 | D:5      | Reached XP level 8. HP: 58/67 MP: 7/7
  5630 | D:5      | Noticed a hornet
  5637 | D:5      | Noticed a glowing shapeshifter
  5637 | D:5      | a hornet changed into a glowing shapeshifter
  5637 | D:5      | a glowing shapeshifter changed into a floating eye
  5817 | D:5      | Reached skill level 5 in Staves
  6125 | D:5      | Reached skill level 5 in Throwing
  6591 | Temple   | Entered the Ecumenical Temple
  6671 | D:6      | Reached skill level 6 in Throwing
  6815 | D:6      | Noticed a two-headed ogre
  6821 | D:6      | Killed a two-headed ogre
  6822 | D:6      | Reached skill level 7 in Throwing
  6822 | D:6      | Reached skill level 5 in Armour
  6822 | D:6      | Reached XP level 9. HP: 54/75 MP: 8/8
  7117 | D:6      | Reached skill level 8 in Throwing
  8008 | D:7      | Noticed a komodo dragon
  8023 | D:7      | Killed a komodo dragon
  8024 | D:7      | Reached skill level 9 in Throwing
  8503 | D:7      | Reached **** piety under Trog
  8786 | D:7      | Reached XP level 10. HP: 47/84 MP: 9/9
  8994 | D:7      | Reached skill level 10 in Throwing
  9042 | D:7      | Noticed Maggie
  9058 | D:7      | Killed Maggie
  9240 | D:7      | Noticed Menkaure
  9252 | D:7      | Killed Menkaure
 10216 | D:8      | Reached skill level 11 in Throwing
 10793 | D:9      | Reached ***** piety under Trog
 11166 | D:9      | Reached XP level 11. HP: 51/92 MP: 10/10
 11756 | D:9      | Found a staircase to the Lair.
 11824 | D:9      | Noticed a two-headed ogre
 11842 | D:9      | Killed a two-headed ogre
 12213 | D:9      | Found a staircase to the Orcish Mines.
 12779 | D:9      | Noticed a boulder beetle
 12790 | D:9      | Killed a boulder beetle
 12791 | D:9      | Reached skill level 12 in Throwing
 13154 | Orc:1    | Entered Level 1 of the Orcish Mines
 13154 | Orc:1    | Noticed an orc warlord
 13189 | D:10     | Entered Level 10 of the Dungeon
 13198 | D:10     | Found a hide-covered altar of Uskayaw.
 13198 | D:10     | Found a broken altar of Ashenzari.
 13318 | D:10     | Found an opulent altar of Gozag.
 13383 | D:10     | Noticed a two-headed ogre
 13395 | D:10     | Killed a two-headed ogre
 13396 | D:10     | Reached skill level 10 in Staves
 13677 | D:10     | Reached skill level 1 in Evocations
 14292 | D:10     | Noticed a wizard
 14299 | D:10     | Killed a wizard
 14315 | D:10     | Identified the ring "Raguggu" {rCorr AC+4 Int-4 Dex+3 SInv}
 14344 | D:10     | Noticed a brown ugly thing
 14353 | D:10     | Noticed a red ugly thing
 14354 | D:10     | Noticed a cyan ugly thing
 14356 | D:10     | Noticed a green ugly thing
 14357 | D:10     | Killed a brown ugly thing
 14357 | D:10     | Noticed a purple ugly thing
 14360 | D:10     | Noticed a brown ugly thing
 14366 | D:10     | Noticed a red very ugly thing
 14374 | D:10     | HP: 5/141 [white ugly thing (8)]
 14374 | D:10     | Mangled by a white ugly thing

Illustrated notes

Levels and vault maps discovered:
D:1:      eino_arrival_water_star, layout_loops_ring
D:2:      layout_basic, basic_altar, uniq_crazy_yiuf_cottage
D:3:      layout_basic, dreamdust_ecumenical_altar_angels_and_demons,
          corexii_corridor_pit, chequers_serial_rivers_micro_c,
          chequers_serial_rivers_small_b, minmay_misc_feat_four_crosses,
          minmay_unequal
D:4:      cheibrodos_pilgrimage, layout_basic,
          mainiacjoe_overflow_catwalk_spiral, uniq_blork_the_orc
D:5:      layout_layer_cave, nicolae_hepliaklqana_hazy_memory, temple_fountains,
          minmay_misc_feat_rows, minmay_starry_boxes, uniq_edmund
D:6:      layout_layer_cave
D:7:      layout_cave_pools, serial_gnoll_camp, gnoll_camp_mini_hut,
          gnoll_camp_huts_basic, gnoll_camp_mini_loothouse,
          gnoll_camp_mini_doghouse, gnoll_camp_mini_hut, uniq_maggie,
          uniq_menkaure
D:8:      layout_basic, st_stairs_1
D:9:      layout_irregular_city, minmay_lair_entry_grove, zombieorc2_lemuel,
          columned_hall_lemuel, st_stairs_10
D:10:     cheibrodos_breeding_chamber, layout_basic, grunt_gozag_statues,
          jmf_multi_god_temple
Temple:   eino_temple_scatter_basement
Orc:1:    layout_diamond_mine, serial_shops, shop_statue,
          nicolae_specific_store, elf_legates, uniq_harold, uniq_nergalle

Skill      XL: |  1  2  3  4  5  6  7  8  9 10 11 |
---------------+----------------------------------+-----
Polearms       | 4 5 |  5.5
Fighting       | 4 5 6 7 8 |  8.1
Stealth        | 1 2 3 |  3.3
Staves         | 2 4 6 7 8 10 | 10.3
Dodging        | 3 4 |  4.6
Throwing       | 2 4 7 9 11 12 | 12.6
Armour         | 3 4 5 6 8 |  8.1
Evocations     | 1 |  1.1

Action                   |  1- 3 |  4- 6 |  7- 9 | 10-12 || total
-------------------------+-------+-------+-------+-------++-------
Melee: Spear             |    99 |       |       |       ||    99
       Headbutt          |    15 |    15 |    26 |    75 ||   131
       Quarterstaff      |       |    89 |   147 |   322 ||   558
Throw: Dart              |       |   100 |   294 |   235 ||   629
       Boomerang         |       |       |    23 |    46 ||    69
Invok: Berserk           |     1 |     1 |       |     8 ||    10
       Trog's Hand       |       |     1 |       |       ||     1
       Brothers in Arms  |       |       |       |     4 ||     4
Evoke: Wand              |       |       |       |     5 ||     5
  Use: Potion            |       |       |       |     4 ||     4
       Scroll            |       |       |       |     1 ||     1
 Stab: Sleeping          |     5 |     2 |       |     1 ||     8
       Paralysed         |       |       |       |     2 ||     2
       Distracted        |       |       |       |     1 ||     1
       Confused          |       |       |       |     1 ||     1
Armor: Animal skin       |    10 |     3 |       |       ||    13
       Scale mail        |       |    22 |    25 |       ||    47
       Chain mail        |       |       |    43 |    32 ||    75
       Swamp dragon scal |       |       |       |    87 ||    87
Dodge: Dodged            |    23 |    33 |    49 |   178 ||   283

Table legend: (Time is in decaauts)
 A = Elapsed time spent in this place.
 B = Non-inter-level travel time spent in this place.
 C = Inter-level travel time spent in this place.
 D = Time resting spent in this place.
 E = Time spent auto-exploring this place.
 F = Levels seen in this place.
 G = Mean time per level.
                   A        B        C        D        E       F      G
               +--------+--------+--------+--------+--------+-----+--------+
         Total |  14255 |  13906 |    349 |      0 |  11845 |  12 | 1187.9 |
       Dungeon |  14251 |  13902 |    349 |      0 |  11845 |  10 | 1425.1 |
        Temple |      1 |      1 |      0 |      0 |      0 |   1 |    1.0 |
  Orcish Mines |      1 |      1 |      0 |      0 |      0 |   1 |    1.0 |
               +--------+--------+--------+--------+--------+-----+--------+

Top non-repeatable levels by time:
     D:9: 2455 daAuts
     D:5: 1829 daAuts
     D:7: 1500 daAuts
     D:4: 1443 daAuts
     D:8: 1275 daAuts
     D:3: 1254 daAuts
     D:6: 1232 daAuts
    D:10: 1181 daAuts
     D:1: 1048 daAuts
     D:2: 1029 daAuts
  Temple: 1 daAuts
   Orc:1: 1 daAuts
